AoeStats
← xmattx966388

Highland

505894489Analyzed
4v4 RM · 20d ago on Sep 11, 2026· 45m 52s· 8 players
Game mode
Random Map
Map size
Large (8 player)
Population
200
Speed
Normal
Resources
Standard
Victory
Conquest
Starting age
Dark Age
Ending age
Imperial Age
RankedLock teamsTeams togetherTeam positionsShared explorationLock speedFull tech treeHidden civsTurbo modeCheats
Victory
Defeat
🇫🇷 Ethiopians · France
1092
+14
🇻🇳 Dravidians · Vietnam
1076
+14
🇨🇳 Huns · China
1034
+16
🇻🇳 Vietnamese · Vietnam
1031
+16
🇬🇧 Vikings · United Kingdom
1090
-16
🇦🇹 Mongols · Austria
1024
-36
🇦🇹 Georgians · Austria
1024
-36
🇵🇪 Gurjaras · Peru
1017
-14
Babou08
6:31 Loom
9:17 Feudal Age
9:41 Man-at-Arms
16:23 Double-Bit Axe
17:07 Horse Collar
21:28 Castle Age
20:02 Gold Mining
20:24 Padded Archer Armor
20:29 Town Watch
21:39 Fletching
21:40 Crossbowman
22:37 Heavy Plow
22:49 Bow Saw
22:47 Bodkin Arrow
29:28 Wheelbarrow
38:42 Imperial Age
37:21 Leather Archer Armor
37:43 Hand Cart
39:09 Thumb Ring
39:46 Ballistics
42:04 Chemistry
41:07 Bracer
41:37 Ring Archer Armor
40:30 Arbalester
41:24 Caravan
42:19 Conscription
42:39 Torsion Engines
ddanenl
3:17 Loom
11:30 Feudal Age
13:27 Double-Bit Axe
15:34 Wheelbarrow
18:54 Castle Age
18:20 Fletching
20:23 Horse Collar
20:56 Bow Saw
20:45 Bodkin Arrow
20:48 Gold Mining
20:54 Stone Mining
22:08 Hand Cart
22:59 Heavy Plow
29:08 Padded Archer Armor
30:54 Scale Barding Armor
33:00 Bloodlines
32:50 Husbandry
32:56 Husbandry
33:15 Town Watch
37:47 Imperial Age
35:42 Town Patrol
35:59 Forging
38:02 Chatras
38:57 Paper Money
40:32 Two-Man Saw
40:39 Caravan
40:24 Elite Battle Elephant
44:54 Chemistry
44:58 Crop Rotation
Akuma Fake
2:32 Loom
11:55 Feudal Age
12:23 Double-Bit Axe
12:20 Horse Collar
13:59 Fishing Lines
21:33 Castle Age
22:10 Gillnets
23:10 Wheelbarrow
24:25 Bow Saw
24:17 Heavy Plow
24:29 Gold Mining
24:55 Padded Archer Armor
24:46 Fletching
30:44 Imperial Age
29:12 Hand Cart
29:26 Leather Archer Armor
30:46 Bodkin Arrow
32:50 Two-Man Saw
32:31 Bracer
33:02 Ring Archer Armor
34:07 Ballistics
34:48 Chemistry
34:48 Elite Elephant Archer
39:59 Siege Elephant
45:06 Husbandry
45:57 Conscription
Doodo
10:28 Feudal Age
12:41 Loom
15:18 Castle Age
13:36 Double-Bit Axe
14:04 Horse Collar
16:32 Bow Saw
28:11 Gold Mining
29:05 Stone Mining
29:50 Gold Shaft Mining
29:59 Gold Shaft Mining
30:01 Wheelbarrow
29:11 Town Watch
34:01 Imperial Age
31:40 Heavy Plow
31:44 Caravan
32:59 Scale Barding Armor
33:04 Forging
33:28 Marauders
35:00 Chain Barding Armor
35:15 Iron Casting
36:27 Bloodlines
36:55 Plate Barding Armor
35:41 Elite Tarkan
36:43 Conscription
36:57 Husbandry
38:57 Blast Furnace
38:13 Cavalier
45:46 Hand Cart
45:31 Town Patrol
46:48 Two-Man Saw
xmattx966388
7:33 Loom
11:10 Feudal Age
12:36 Double-Bit Axe
14:36 Man-at-Arms
20:24 Castle Age
25:56 Stone Mining
25:57 Gold Mining
27:26 Scale Mail Armor
27:37 Forging
30:00 Bow Saw
30:04 Chieftains
30:13 Chieftains
29:40 Pikeman
30:20 Squires
31:35 Crossbowman
33:25 Fletching
33:35 Padded Archer Armor
33:33 Elite Skirmisher
36:57 Imperial Age
36:01 Ballistics
36:05 Leather Archer Armor
35:46 Bodkin Arrow
37:06 Elite Berserk
38:23 Ring Archer Armor
38:35 Bogsveigar
39:47 Chemistry
40:47 Capped Ram
42:01 Bracer
42:37 Iron Casting
42:19 Chain Mail Armor
42:42 Onager
Mateescu122121
11:16 Feudal Age
12:09 Loom
17:33 Double-Bit Axe
19:02 Horse Collar
24:18 Castle Age
22:58 Bloodlines
24:17 Scale Barding Armor
24:18 Fletching
25:37 Chain Barding Armor
25:44 Medium Warships
34:57 Bow Saw
34:53 Heavy Plow
36:20 Bodkin Arrow
38:11 Wheelbarrow
37:45 Stone Mining
37:46 Gold Mining
39:58 Hand Cart
42:19 Imperial Age
41:02 Town Watch
42:04 Forging
42:46 Svan Towers
42:34 Guard Tower
43:05 Ballistics
42:25 Treadmill Crane
42:55 Masonry
43:39 Heavy Warships
43:15 Bracer
44:33 Chemistry
44:13 Careening
44:51 Plate Barding Armor
43:51 Pikeman
44:41 Halberdier
xburnmanager
10:35 Feudal Age
12:39 Double-Bit Axe
17:28 Castle Age
15:37 Horse Collar
20:32 Bow Saw
24:07 Wheelbarrow
29:13 Husbandry
29:37 Thumb Ring
30:34 Bloodlines
30:37 Heavy Plow
30:37 Stone Mining
30:40 Gold Mining
32:25 Fletching
32:36 Padded Archer Armor
34:57 Gold Shaft Mining
35:00 Stone Shaft Mining
37:13 Caravan
37:31 Leather Archer Armor
37:12 Bodkin Arrow
42:25 Imperial Age
39:54 Town Watch
41:00 Scale Barding Armor
41:06 Forging
43:37 Chain Barding Armor
43:54 Iron Casting
43:19 Bracer
Gerar1309
0:48 Loom
12:57 Feudal Age
22:16 Castle Age
20:44 Horse Collar
20:51 Double-Bit Axe
21:00 Stone Mining
22:11 Forging
22:27 Scale Barding Armor
22:46 Bloodlines
25:23 Chain Barding Armor
31:27 Imperial Age
29:59 Heavy Plow
31:07 Stone Shaft Mining
31:37 Caravan
32:23 Husbandry
33:09 Conscription
33:48 Plate Barding Armor
34:31 Iron Casting
35:33 Kshatriyas
38:01 Wheelbarrow
40:02 Gold Mining
40:25 Elite Shrivamsha Rider
Connection lost

Rejoining the realm…

Still unreachable

The connection could not be restored.

Session expired

The server has moved on; the page needs a fresh start.